[Event "Team 45 45 League T32"]
[Site "Internet Chess Club"]
[Date "2007.02.03"]
[Round "3"]
[White "DaveTheRook"]
[Black "gartman"]
[Result "1-0"]
[WhiteElo "1674"]
[BlackElo "1692"]
[ECO "A05"]
[TimeControl "2700+45"]

1. Nf3 Nf6 2. g3 d5 3. Bg2 c6 4. d3 Bf5 5. O-O e6 6. Nh4 Bg6 7. Nxg6 hxg6 8. Bg5
Nbd7 9. e4 Qc7 10. exd5 cxd5 11. c3 Bd6 12. Qa4 O-O 13. Nd2 Nc5 14. Qc2 Rab8 15.
b4 Ncd7 16. Rac1 Rfc8 17. a3 a5 18. Nf3 axb4 19. axb4 Bxb4 20. Qa4 Bxc3 21. Bd2
b5 22. Qc2 b4 23. Nd4 Qb6 24. Nb3 Ne8 25. Qd1 Bxd2 26. Qxd2 Nd6 27. Rb1 Nf5 28.
Qf4 e5 29. Qg4 Nf6 30. Qg5 e4 31. dxe4 Nxe4 32. Bxe4 dxe4 33. g4 Nd4 34. Nxd4
Qxd4 35. Rfd1 Qf6 36. Qe3 Qf3 37. Qg5 Qf6 38. Qe3 Qe6 39. h3 Rc3 40. Qa7 Rbc8
41. Rxb4 Rxh3 42. Qd7 Qxd7 43. Rxd7 Rc1+ 44. Kg2 Rhh1 45. Rd8+ Kh7 46. f4 exf3+
47. Kxf3 Rc3+ 48. Kg2 Re1 49. g5 Rc2+ 50. Kf3 Rh1 51. Rbb8 Rc3+ 52. Kg2 {Black
resigns} 1-0

[Event "Team 45 45 League T32"]
[Site "Internet Chess Club"]
[Date "2007.02.03"]
[Round "3"]
[White "Fegary"]
[Black "boozehound"]
[Result "1-0"]
[WhiteElo "1728"]
[BlackElo "1764"]
[ECO "B46"]
[TimeControl "2700+45"]

1. e4 c5 2. Nc3 Nc6 3. Nge2 e6 4. d4 cxd4 5. Nxd4 a6 6. Be2 h5 7. Nxc6 bxc6 8.
O-O h4 9. Be3 h3 10. g3 Qa5 11. a3 Bb7 12. Qd2 Nf6 13. Rfd1 d5 14. Nxd5 Qxd2 15.
Nxf6+ Ke7 16. Rxd2 Kxf6 17. Rd7 Bc8 18. e5+ Kg6 19. Rc7 c5 20. Rd1 f5 21. Bc1
Rb8 22. Rd8 a5 23. Rcxc8 Rxc8 24. Rxc8 Kf7 25. Bc4 Rh5 26. Rc7+ Ke8 27. Bxe6 Kd8
28. Ra7 g6 29. Bd2 Bh6 30. Bxa5+ Ke8 31. Bc7 Bf8 32. Bd6 Bxd6 33. exd6 Kf8 34.
Rf7+ Ke8 35. d7+ Kd8 36. Rf8+ Ke7 37. Re8+ Kd6 38. d8=Q+ Kc6 39. Bc4 Rh7 40.
Qa8+ Kd6 41. Re6+ Kd7 42. Qb7+ Kd8 43. Qxh7 Kc8 44. Re8# {Black checkmated} 1-0

[Event "Team 45 45 League T32"]
[Site "Internet Chess Club"]
[Date "2007.02.03"]
[Round "3"]
[White "Kingofknights"]
[Black "mogwop"]
[Result "1-0"]
[WhiteElo "1684"]
[BlackElo "1574"]
[ECO "D53"]
[TimeControl "2700+45"]

1. d4 d5 2. c4 e6 3. Nc3 Nf6 4. Bg5 Be7 5. e3 c6 6. Qc2 O-O 7. Nf3 Nbd7 8. cxd5
exd5 9. Bd3 h6 10. Bxf6 Bxf6 11. b4 a6 12. a4 Re8 13. O-O Nf8 14. Rab1 Bg4 15.
Nd2 Bh5 16. Rfc1 Bg6 17. Bxg6 Nxg6 18. Qb3 Rb8 19. b5 axb5 20. axb5 Ne7 21. Na4
Qd6 22. Qc3 Rbc8 23. b6 Ra8 24. Nc5 Rab8 25. Ra1 Nc8 26. Rcb1 Qd8 27. Qb4 Be7
28. Qb3 Bd6 29. Ra4 Qh4 30. g3 Qh3 31. Rba1 Ne7 32. Ra7 Bxc5 33. dxc5 Ng6 34.
R1a4 Ne5 35. Rh4 Qf5 36. f4 Ng6 37. g4 Qe6 38. Rh3 Qe7 39. Qa3 d4 40. Kf2 dxe3+
41. Qxe3 Qxe3+ 42. Rxe3 Rxe3 43. Kxe3 Ne7 44. Nc4 Nc8 45. Ra4 Kf8 46. Nd6 Nxd6
47. cxd6 Ke8 48. Kd4 Kd7 49. Kc5 Rd8 50. h4 Ke6 51. Re4+ Kf6 52. Re7 Rb8 53. g5+
hxg5 54. hxg5+ Kg6 55. Rc7 f6 56. d7 fxg5 57. fxg5 Kxg5 58. Rc8 Rxc8 59. dxc8=Q
Kh4 60. Qxb7 g5 61. Qxc6 {Black resigns} 1-0

[Event "Team 45 45 League T32"]
[Site "Internet Chess Club"]
[Date "2007.02.03"]
[Round "3"]
[White "lw"]
[Black "Shicalapapa"]
[Result "1-0"]
[WhiteElo "1546"]
[BlackElo "1416"]
[ECO "C28"]
[TimeControl "2700+45"]

1. e4 e5 2. Bc4 Nf6 3. Nc3 Nc6 4. Nf3 d6 5. d4 Nxd4 6. Nxd4 exd4 7. Qxd4 Be6 8.
Bg5 c5 9. Bb5+ Bd7 10. Qa4 Be7 11. e5 dxe5 12. O-O-O O-O 13. Bxf6 Bxf6 14. Rxd7
Bg5+ 15. Kb1 Qf6 16. Ne4 Qf4 17. Rxb7 a6 18. Bc4 Qxe4 19. Bxf7+ Rxf7 20. Qxe4
Rd8 21. Rxf7 Kxf7 22. Qxe5 Bf6 23. Qxc5 Rd2 24. Re1 Bh4 25. Qf5+ Bf6 26. Qf4 Rd4
27. Qe3 Rd7 28. Qe8# {Black checkmated} 1-0

[Event "Team 45 45 League T32"]
[Site "Internet Chess Club"]
[Date "2007.02.03"]
[Round "3"]
[White "Chess-Cat"]
[Black "joonho"]
[Result "0-1"]
[WhiteElo "1650"]
[BlackElo "1845"]
[ECO "D00"]
[TimeControl "2700+45"]

1. d4 d5 2. Bf4 Nc6 3. e3 Nf6 4. c4 e6 5. Nc3 Bb4 6. Rc1 O-O 7. Nf3 Bd7 8. a3
Bxc3+ 9. Rxc3 Na5 10. cxd5 Nxd5 11. Rc1 Nxf4 12. exf4 Qf6 13. Rc5 Nc6 14. Bd3
Qxf4 15. Bxh7+ Kxh7 16. Rh5+ Kg8 17. Ng5 Rfd8 18. Qd3 Qc1+ 19. Ke2 Nxd4+ 20.
Qxd4 Bb5+ 21. Kf3 Qxh1 22. Qe5 Qd1+ 23. Kf4 Qxh5 24. g4 {White resigns} 0-1

[Event "Team 45 45 League T32"]
[Site "Internet Chess Club"]
[Date "2007.02.05"]
[Round "3"]
[White "OldBoy"]
[Black "BrerRabbit"]
[Result "0-1"]
[WhiteElo "1501"]
[BlackElo "1484"]
[ECO "B40"]
[TimeControl "2700+45"]

1. e4 c5 2. Nf3 e6 3. Be2 Nc6 4. c3 Nf6 5. e5 Nd5 6. d4 cxd4 7. cxd4 d6 8. O-O
Be7 9. Nc3 Nxc3 10. bxc3 dxe5 11. dxe5 O-O 12. Qc2 b6 13. Rd1 Qc7 14. Bf4 Bb7
15. a3 Rac8 16. Rd3 Na5 17. Ng5 g6 18. Rh3 h5 19. Nxe6 Qc6 20. Bf3 Qxe6 21. Bxb7
Nxb7 22. Be3 Qxe5 23. Bd4 Qxd4 24. Qe2 Qd7 25. Rd1 Qc7 26. Rdd3 Bc5 27. Rxh5
Rfe8 28. Qd2 Be3 29. Rxe3 gxh5 30. Rg3+ Kh7 31. Rh3 Qe5 32. Re3 Qg5 33. Qc2+ Qg6
{White resigns} 0-1

[Event "Team 45 45 League T32"]
[Site "Internet Chess Club"]
[Date "2007.02.03"]
[Round "3"]
[White "houseofcook"]
[Black "allanchs"]
[Result "0-1"]
[WhiteElo "1322"]
[BlackElo "1543"]
[ECO "C24"]
[TimeControl "2700+45"]

1. e4 e5 2. Bc4 Nf6 3. d3 Bc5 4. Nf3 d6 5. O-O O-O 6. h3 Nc6 7. Bd2 Be6 8. b3 a6
9. Ng5 d5 10. Bxd5 Bxd5 11. exd5 Qxd5 12. Nc3 Qd7 13. Nf3 Rad8 14. Re1 Rfe8 15.
Rb1 h6 16. Ne4 Nxe4 17. Rxe4 f5 18. Re1 e4 19. dxe4 fxe4 20. Be3 Bb4 21. Qxd7
Rxd7 22. Nh2 Bxe1 23. Rxe1 Nd4 24. Rd1 Ne2+ 25. Kf1 Rxd1+ 26. Kxe2 Red8 27. Nf1
Ra1 28. Nd2 Rxa2 29. Nxe4 Rxc2+ 30. Bd2 Rb2 31. b4 Re8 32. f3 Rd8 33. Ke3 Rb3+
34. Ke2 b6 35. Kf2 Rb2 36. Ke3 c5 37. bxc5 bxc5 38. g4 Rbxd2 39. Nxd2 Rxd2 40.
Kxd2 Kf7 41. Kc3 a5 42. Kb3 g5 43. Kb2 Ke6 44. Kc3 Ke5 45. Kd3 Kf4 46. Ke2 c4
47. Kd2 a4 48. Kc2 Kxf3 49. Kc3 a3 50. Kc2 Kg3 51. Kb1 Kxh3 52. Ka2 Kxg4 53.
Kxa3 h5 54. Kb4 h4 55. Kxc4 h3 {White resigns} 0-1

[Event "Team 45 45 League T32"]
[Site "Internet Chess Club"]
[Date "2007.02.03"]
[Round "3"]
[White "Berkshires"]
[Black "boffman"]
[Result "1-0"]
[WhiteElo "1474"]
[BlackElo "1404"]
[ECO "C80"]
[TimeControl "2700+45"]

1. e4 e5 2. Nf3 Nc6 3. Bb5 a6 4. Ba4 Nf6 5. O-O Nxe4 6. d3 Nc5 7. Bxc6 dxc6 8.
Nc3 Bg4 9. Re1 Be7 10. Rxe5 O-O 11. h3 Be6 12. d4 Nd7 13. Re2 Nf6 14. Bg5 Re8
15. a3 h6 16. Bh4 Bd6 17. Ne5 Bxe5 18. Rxe5 Bd5 19. Rxe8+ Qxe8 20. Bxf6 gxf6 21.
Qd2 Qf8 22. Re1 Qg7 23. Nxd5 cxd5 24. Re3 c6 25. Rg3 Qxg3 26. fxg3 Kf8 27. Qxh6+
Ke7 28. Qe3+ Kf8 29. g4 Re8 30. Qf2 Re6 31. h4 Ke7 32. h5 Kf8 33. Qf5 Kg7 34. g5
fxg5 35. Qxg5+ Kh7 36. Qf5+ Kg7 37. g4 {Black resigns} 1-0

[Event "Team 45 45 League T32"]
[Site "Internet Chess Club"]
[Date "2007.02.05"]
[Round "3"]
[White "Avedldesierto"]
[Black "RD1974"]
[Result "1-0"]
[WhiteElo "1653"]
[BlackElo "1675"]
[ECO "B27"]
[TimeControl "2700+45"]

1. e4 c5 2. Nf3 g6 3. Bd3 Bg7 4. O-O Nc6 5. Nc3 a6 6. b3 b5 7. Bb2 Bb7 8. a3 b4
9. Na4 Bxb2 10. Nxb2 Nd4 11. Nxd4 cxd4 12. axb4 Qb6 13. Ra4 Nf6 14. Nc4 Qc7 15.
f3 h5 16. Na5 Bc8 17. Qe2 h4 18. Nc4 Bb7 19. Na5 Bc8 20. Rfa1 g5 21. e5 Nh5 22.
Be4 Nf4 23. Qc4 Ra7 24. Qxc7 Rxc7 25. Nc4 Bb7 26. Bxb7 Rxb7 27. Rxa6 O-O 28. Rb6
Rfb8 29. Raa6 Nd5 30. Rxb7 Rxb7 31. b5 Nb4 32. Ra8+ Kg7 33. c3 dxc3 34. dxc3 Nd5
35. b6 Nxb6 36. Nxb6 Rxb6 37. b4 Rc6 38. Ra7 Rxc3 39. Rxd7 e6 40. b5 Rb3 41. Rb7
Rb2 42. b6 Kg6 43. h3 f6 44. exf6 Kxf6 45. Rb8 Ke7 46. b7 Kf7 47. Rh8 e5 48.
b8=Q Rxb8 49. Rxb8 Ke6 50. Kf2 Kf5 51. Ke3 Ke6 52. Ke4 Kf6 53. Rb6+ {Black
resigns} 1-0

[Event "Team 45 45 League T32"]
[Site "Internet Chess Club"]
[Date "2007.02.04"]
[Round "3"]
[White "Theodulf"]
[Black "kamu"]
[Result "0-1"]
[WhiteElo "1716"]
[BlackElo "1725"]
[ECO "B02"]
[TimeControl "2700+45"]

1. e4 Nf6 2. e5 Nd5 3. c4 Nb6 4. d4 d6 5. exd6 exd6 6. Nc3 Be7 7. Bd3 Nc6 8.
Nge2 O-O 9. O-O Re8 10. a3 Bg5 11. f4 Bf6 12. d5 Na5 13. b3 Bg4 14. Bd2 Bd4+ 15.
Kh1 Bxc3 16. Bxc3 Nxb3 17. Qxb3 Bxe2 18. Bxe2 Rxe2 19. Ra2 Re4 20. Rc2 Qh4 21.
g3 Qh3 22. Kg1 Rae8 23. Qa2 Nxc4 24. Bb4 Ne3 25. Re1 Nxc2 26. Rxe4 Rxe4 27. Qxc2
Re7 28. Qf2 b6 29. Qc2 Qg4 30. Kf2 Qh5 31. Kf1 Qxd5 {White resigns} 0-1

[Event "Team 45 45 League T32"]
[Site "Internet Chess Club"]
[Date "2007.02.03"]
[Round "3"]
[White "stakastra"]
[Black "Archaeologist"]
[Result "0-1"]
[WhiteElo "1584"]
[BlackElo "1544"]
[ECO "B30"]
[TimeControl "2700+45"]

1. e4 c5 2. Nf3 Nc6 3. Bb5 Nf6 4. Nc3 Nd4 5. Bc4 d6 6. h3 e6 7. Nxd4 cxd4 8. Ne2
Nxe4 9. Nxd4 d5 10. Bb5+ Bd7 11. Bxd7+ Qxd7 12. O-O Bc5 13. Nb3 Bb6 14. d4 O-O
15. Qg4 a5 16. Bh6 f5 17. Qf4 Bc7 18. Qe3 f4 19. Qd3 gxh6 20. f3 Ng3 21. Rf2 a4
22. Nc5 Qc6 23. Re1 e5 24. b4 axb3 25. axb3 Rae8 26. Kh2 exd4 27. Rxe8 Rxe8 28.
Qxd4 Re1 {White resigns} 0-1

[Event "Team 45 45 League T32"]
[Site "Internet Chess Club"]
[Date "2007.02.05"]
[Round "3"]
[White "clarinetref"]
[Black "Mississippian"]
[Result "1-0"]
[WhiteElo "1611"]
[BlackElo "1384"]
[ECO "A05"]
[TimeControl "2700+45"]

1. Nf3 Nf6 2. g3 d6 3. Bg2 e5 4. d3 Be7 5. c4 Nbd7 6. b4 O-O 7. Nc3 c5 8. b5 Rb8
9. O-O b6 10. a4 Bb7 11. e4 Nh5 12. Be3 f5 13. Nxe5 f4 14. Nxd7 Qxd7 15. Qxh5
fxe3 16. fxe3 Bf6 17. Rac1 Qe7 18. Nd5 Bxd5 19. Qxd5+ Kh8 20. Rcd1 Bg5 21. Rxf8+
Rxf8 22. Re1 Bf6 23. d4 Rc8 24. Qf5 Rc7 25. Bf1 cxd4 26. Bd3 dxe3 27. e5 g6 28.
Qxf6+ Qxf6 29. exf6 Rf7 30. Rxe3 Rxf6 31. Re8+ Kg7 32. Re7+ {Black resigns} 1-0

[Event "Team 45 45 League T32"]
[Site "Internet Chess Club"]
[Date "2007.02.01"]
[Round "3"]
[White "DocHoliday"]
[Black "corsair"]
[Result "0-1"]
[WhiteElo "1967"]
[BlackElo "1819"]
[ECO "C77"]
[TimeControl "2700+45"]

1. e4 e5 2. Nf3 Nc6 3. Bb5 a6 4. Ba4 Nf6 5. d3 Bc5 6. O-O b5 7. Bb3 d6 8. a3 Bg4
9. Be3 O-O 10. Nbd2 Qe7 11. Qe1 Nd4 12. Nxd4 Bxd4 13. Bxd4 exd4 14. f4 Be6 15.
Qh4 Rae8 16. Rae1 Bxb3 17. Nxb3 c5 18. Rf3 Nd5 19. Qh5 Qe6 20. Rh3 h6 21. e5
Nxf4 22. Qf3 Nxh3+ 23. gxh3 f6 24. Qg3 fxe5 25. Re4 Qf5 26. Nd2 Re7 27. Re1 Qf4
28. Ne4 Qxg3+ 29. hxg3 Re6 30. Kg2 c4 31. Re2 cxd3 32. cxd3 Rc8 33. g4 d5 34.
Ng3 e4 35. Nf5 Rce8 36. Nxd4 exd3 37. Rd2 Re3 38. b3 R8e4 {White resigns} 0-1

[Event "Team 45 45 League T32"]
[Site "Internet Chess Club"]
[Date "2007.02.01"]
[Round "3"]
[White "sean98"]
[Black "AntonioMendonca"]
[Result "0-1"]
[WhiteElo "1564"]
[BlackElo "1615"]
[ECO "B71"]
[TimeControl "2700+45"]

1. e4 c5 2. Nf3 d6 3. d4 cxd4 4. Nxd4 Nf6 5. Nc3 g6 6. f4 Nc6 7. Nxc6 bxc6 8. e5
Nd7 9. Qf3 Bb7 10. Bb5 Qb6 11. Ba4 dxe5 12. Bb3 Bg7 13. Be3 Qc7 14. O-O-O O-O
15. f5 Nf6 16. fxg6 hxg6 17. h4 c5 18. Nd5 Nxd5 19. Bxd5 Rab8 20. h5 e4 21. Qh3
Bxb2+ 22. Kd2 Bxd5 23. hxg6 Qa5+ 24. Ke2 Bc4+ 25. Kf2 fxg6+ 26. Kg1 Kf7 27. Qh7+
Bg7 28. Bh6 Qc3 29. Bxg7 Qxg7 30. Qh4 Rbd8 31. Re1 Qd4+ 32. Qf2+ Qxf2+ 33. Kxf2
Rd2+ 34. Kg3 Rxc2 35. Rxe4 Bd5 36. Rh7+ Kg8 37. Rexe7 Rxg2+ 38. Kh3 Rf1 39.
Rhg7+ Kf8 40. Ref7+ Rxf7 41. Rxf7+ Kxf7 42. Kh4 c4 43. a4 c3 44. a5 c2 45. a6
c1=Q 46. Kh3 Qh1# {White checkmated} 0-1

[Event "Team 45 45 League T32"]
[Site "Internet Chess Club"]
[Date "2007.02.03"]
[Round "3"]
[White "Queen"]
[Black "matthewc"]
[Result "0-1"]
[WhiteElo "1678"]
[BlackElo "1488"]
[ECO "C23"]
[TimeControl "2700+45"]

1. e4 e5 2. Bc4 Bc5 3. d3 Nf6 4. Qf3 Be7 5. Bg5 d6 6. Bxf6 Bxf6 7. Nh3 Nc6 8. c3
Qe7 9. Nd2 Bd7 10. Qh5 a6 11. Nf3 Na5 12. Bd5 c6 13. Bb3 Nxb3 14. axb3 Be6 15.
b4 h6 16. Nd2 Qd7 17. Nc4 b5 18. Nb6 Qb7 19. Nxa8 Qxa8 20. O-O Qc8 21. Kh1 Bg4
22. Qxg4 Qxg4 23. f3 Qe6 24. Rxa6 Qc8 25. Rfa1 O-O 26. Rb6 Be7 27. Raa6 c5 28.
Rc6 Qb7 29. Rcb6 Qd7 30. Ra5 cxb4 31. cxb4 d5 32. exd5 Qxd5 33. Raxb5 Qxd3 34.
Rxe5 Qd1+ 35. Ng1 Bf6 36. Rxf6 gxf6 37. Re4 Rc8 38. h3 Rc1 39. Kh2 Qxg1+ 40. Kg3
Rc2 41. Re8+ Kh7 {White resigns} 0-1

[Event "Team 45 45 League T32"]
[Site "Internet Chess Club"]
[Date "2007.02.04"]
[Round "3"]
[White "gracey"]
[Black "Allessia"]
[Result "0-1"]
[WhiteElo "2125"]
[BlackElo "2234"]
[ECO "A06"]
[TimeControl "2700+45"]

1. Nf3 d5 2. e3 Nf6 3. b3 Nc6 4. d4 Ne4 5. Nfd2 Bf5 6. Nxe4 dxe4 7. Bb5 Qd6 8.
Ba3 Qg6 9. Kf1 O-O-O 10. Nd2 Bg4 11. Qe1 e5 12. Bxf8 Rhxf8 13. h3 Bd7 14. c3 Ne7
15. Bxd7+ Rxd7 16. Qb1 f5 17. Nc4 Nc6 18. Qb2 f4 19. exf4 exd4 20. cxd4 Rxd4 21.
Re1 Qf6 22. g3 g5 23. fxg5 Qxg5 24. Kg2 Rfd8 25. Qe2 h5 26. Rd1 Qf5 27. Ne3 Qg6
28. Rhe1 Rd3 29. Qb2 Nd4 30. Rc1 Qf7 31. Nc4 h4 32. Nd2 hxg3 33. Nxe4 Qf3+ 34.
Kg1 gxf2+ {White resigns} 0-1

[Event "Team 45 45 League T32"]
[Site "Internet Chess Club"]
[Date "2007.02.03"]
[Round "3"]
[White "bobhill"]
[Black "Bug"]
[Result "1-0"]
[WhiteElo "2056"]
[BlackElo "2112"]
[ECO "D03"]
[TimeControl "2700+45"]

1. d4 d5 2. Nf3 Nf6 3. Bg5 c6 4. e3 Bf5 5. Nbd2 Nbd7 6. Bd3 Bg6 7. O-O e6 8. Re1
Be7 9. e4 dxe4 10. Nxe4 Nxe4 11. Bxe7 Qxe7 12. Bxe4 Bxe4 13. Rxe4 Rd8 14. c3 O-O
15. Qc2 c5 16. Rae1 cxd4 17. Nxd4 Nf6 18. R4e3 Rd5 19. Rg3 Qc7 20. Qe2 Rfd8 21.
Qf3 Kh8 22. h4 h6 23. Qe3 b5 24. Nf3 a6 25. Ne5 Rd2 26. Qf4 Qb7 27. Ree3 Rxb2
28. Rxg7 Rd1+ 29. Kh2 Kxg7 30. Rg3+ Kf8 31. Qxf6 Rbb1 32. Rg7 {Black resigns}
1-0

[Event "Team 45 45 League T32"]
[Site "Internet Chess Club"]
[Date "2007.02.06"]
[Round "3"]
[White "Rlopez"]
[Black "tarheels"]
[Result "0-1"]
[WhiteElo "1737"]
[BlackElo "1800"]
[ECO "A05"]
[TimeControl "2700+45"]

1. Nf3 Nf6 2. g3 c6 3. Bg2 d5 4. O-O g6 5. d3 Bg7 6. Nbd2 O-O 7. Re1 Na6 8. c3
c5 9. e4 dxe4 10. dxe4 h6 11. Qc2 Be6 12. Nf1 Qb6 13. Bf4 Rad8 14. Be5 Bc4 15.
Nh4 Bd3 16. Qc1 c4 17. Bd4 Rxd4 18. cxd4 Qxd4 19. e5 Ng4 20. Ne3 Nxe5 21. Bxb7
Nc5 22. Bg2 Rb8 23. Nc2 Bxc2 24. Qxc2 Rxb2 25. Qd1 Qxf2+ 26. Kh1 Ned3 27. Rxe7
g5 28. Qf3 gxh4 29. Qa8+ Kh7 30. Be4+ Nxe4 31. Qxe4+ f5 32. Rxg7+ Kxg7 33. Qe7+
Kg6 34. Qe6+ Kg5 35. gxh4+ Kg4 36. Qxc4+ Nf4 37. Rg1+ Kxh4 {White resigns} 0-1

[Event "Team 45 45 League T32"]
[Site "Internet Chess Club"]
[Date "2007.02.04"]
[Round "3"]
[White "QuietSet"]
[Black "reinaroja"]
[Result "0-1"]
[WhiteElo "1943"]
[BlackElo "2169"]
[ECO "D31"]
[TimeControl "2700+45"]

1. d4 d5 2. c4 e6 3. Nc3 c6 4. Nf3 dxc4 5. a4 Bb4 6. Bd2 a5 7. e3 b5 8. Qc2 Nf6
9. axb5 Bxc3 10. Qxc3 cxb5 11. Rxa5 Nd5 12. Rxa8 Nxc3 13. Bxc3 Bb7 14. Ra5 b4
15. Bxb4 Nc6 16. Rb5 Nxb4 17. Rxb7 Qa5 18. Rb8+ Ke7 19. Rxh8 Qa1+ 20. Ke2 Qxb2+
21. Nd2 c3 22. Kf3 Qxd2 23. Bb5 c2 24. Ra1 Qd1+ {White resigns} 0-1

[Event "Team 45 45 League T32"]
[Site "Internet Chess Club"]
[Date "2007.02.04"]
[Round "3"]
[White "BrunosAces"]
[Black "ivanson"]
[Result "0-1"]
[WhiteElo "1954"]
[BlackElo "1940"]
[ECO "C38"]
[TimeControl "2700+45"]

1. e4 e5 2. f4 exf4 3. Nf3 g5 4. Bc4 Bg7 5. O-O h6 6. d4 d6 7. h4 Nc6 8. c3 Bg4
9. Qb3 Na5 10. Bxf7+ Kf8 11. Qa4 c6 12. Bxg8 Kxg8 13. hxg5 hxg5 14. Nxg5 Qxg5
15. Bxf4 Qh5 16. Nd2 Rf8 17. b4 Qh1+ 18. Kf2 Rxf4+ 19. Ke3 Rxf1 20. Rxf1 Nc4+
{White resigns} 0-1

[Event "Team 45 45 League T32"]
[Site "Internet Chess Club"]
[Date "2007.02.04"]
[Round "3"]
[White "cityprosecutor"]
[Black "Vitruvian"]
[Result "0-1"]
[WhiteElo "1618"]
[BlackElo "1876"]
[ECO "B02"]
[TimeControl "2700+45"]

1. e4 Nf6 2. e5 Nd5 3. c4 Nb6 4. d4 d6 5. exd6 exd6 6. Nc3 Be7 7. Bd3 O-O 8.
Nge2 Bg4 9. f3 Bh5 10. O-O Nc6 11. Nf4 Bg6 12. Nxg6 fxg6 13. d5 Ne5 14. Qe2 Bf6
15. f4 Nxd3 16. Qxd3 Qd7 17. Ne4 Qf5 18. Rd1 Rae8 19. Nxf6+ Qxf6 20. Rb1 Re7 21.
b3 Rfe8 22. Bd2 Qf5 23. Qf3 Re2 24. Bc3 R2e3 25. Qf2 Rxc3 26. Re1 Rf8 27. Rb2
Qxf4 28. Qe2 Rc1 29. Rd2 Rxe1+ 30. Qxe1 Nd7 31. g3 Qf6 32. Re2 Ne5 33. Kg2 Qf3+
34. Kg1 g5 35. c5 Qxd5 36. cxd6 Nf3+ {White resigns} 0-1

[Event "Team 45 45 League T32"]
[Site "Internet Chess Club"]
[Date "2007.02.02"]
[Round "3"]
[White "rayonline53"]
[Black "winerum"]
[Result "1-0"]
[WhiteElo "1528"]
[BlackElo "1714"]
[ECO "C67"]
[TimeControl "2700+45"]

1. e4 e5 2. Nf3 Nc6 3. Bb5 Nf6 4. O-O Nxe4 5. Re1 Nd6 6. Bxc6 dxc6 7. Nxe5 Be7
8. d4 O-O 9. c3 Be6 10. Nd2 Ne8 11. Nf1 Nf6 12. Bg5 h6 13. Bh4 Re8 14. h3 Bd6
15. Nh2 Be7 16. Qc2 Nd5 17. Bxe7 Qxe7 18. Nf1 Qf6 19. Ne3 h5 20. Nxd5 cxd5 21.
Re3 Bf5 22. Qe2 Qd6 23. Qxh5 g6 24. Qe2 a6 25. Re1 Re7 26. Ng4 Rxe3 27. Nh6+ Kf8
28. Qxe3 Be6 29. Qg5 Qe7 30. Qe5 Qd8 31. Ng4 Ke7 32. Nf6 Qh8 33. Nxd5+ Ke8 34.
Qxh8+ Kd7 35. Qxa8 Bxd5 36. Qe8+ Kd6 37. Qe5+ Kc6 38. c4 Be6 39. d5+ Bxd5 40.
Qxd5+ Kb6 41. Re7 f5 42. c5+ Ka7 43. Rxc7 f4 44. Qxb7# {Black checkmated} 1-0

[Event "Team 45 45 League T32"]
[Site "Internet Chess Club"]
[Date "2007.02.04"]
[Round "3"]
[White "Boromir"]
[Black "chsrules88"]
[Result "1/2-1/2"]
[WhiteElo "1969"]
[BlackElo "2042"]
[ECO "C50"]
[TimeControl "2700+45"]

1. e4 e5 2. Bc4 Nc6 3. Nf3 Nd4 4. c3 Nxf3+ 5. Qxf3 Nf6 6. d4 d6 7. O-O Be7 8.
dxe5 dxe5 9. Qg3 O-O 10. Qxe5 Bd6 11. Qd4 Qe7 12. Nd2 Rd8 13. e5 Bxe5 14. Qh4
Bg4 15. h3 Be6 16. Bxe6 Qxe6 17. Nf3 Nd7 18. Nxe5 Nxe5 19. Bf4 Nd3 20. Rfd1 c5
21. b3 c4 22. Be3 cxb3 23. axb3 Qxb3 24. Bd4 Ne5 25. Rdb1 Qd5 26. Qg3 Re8 27.
Rxa7 Rxa7 28. Bxa7 b5 29. Bd4 f6 30. Ra1 Re7 31. Qe3 Nc6 32. Qd3 Nxd4 33. Qxd4
Qxd4 34. cxd4 Rd7 35. Rb1 Rxd4 36. Rxb5 Rd7 {Game drawn by mutual agreement}
1/2-1/2

[Event "Team 45 45 League T32"]
[Site "Internet Chess Club"]
[Date "2007.02.04"]
[Round "3"]
[White "kingfischer57"]
[Black "MrShaw"]
[Result "1/2-1/2"]
[WhiteElo "1782"]
[BlackElo "1832"]
[ECO "E63"]
[TimeControl "2700+45"]

1. d4 Nf6 2. c4 g6 3. g3 Bg7 4. Bg2 O-O 5. Nc3 d6 6. Nf3 Nc6 7. O-O a6 8. d5 Na5
9. Nd2 c5 10. Qc2 Rb8 11. b3 b5 12. Bb2 Bh6 13. f4 bxc4 14. bxc4 e5 15. dxe6
Bxe6 16. Nd5 Rxb2 17. Qxb2 Nxd5 18. cxd5 Bg7 19. Qc2 Bxa1 20. Rxa1 Qf6 21. Rd1
Bg4 22. Ne4 Qe7 23. Qc3 f5 24. Ng5 Nb7 25. Ne6 Re8 26. Re1 Nd8 27. Nxd8 Qxd8 28.
e4 fxe4 29. Rxe4 Bf5 30. Re3 Kf7 31. Kf2 Qb8 32. Rxe8 Qxe8 33. Qa5 Qb5 34. Qc7+
Qd7 35. Qb6 Qb5 36. Qc7+ Qd7 37. Qb6 {Game drawn by mutual agreement} 1/2-1/2

[Event "Team 45 45 League T32"]
[Site "Internet Chess Club"]
[Date "2007.02.03"]
[Round "3"]
[White "JeCrainsDegun"]
[Black "tourettes"]
[Result "0-1"]
[WhiteElo "1691"]
[BlackElo "1829"]
[ECO "C00"]
[TimeControl "2700+45"]

1. e4 e6 2. d3 d5 3. Nd2 dxe4 4. Nxe4 Be7 5. g3 Nf6 6. Bg2 O-O 7. Ne2 Nbd7 8.
N2c3 a6 9. O-O Rb8 10. b3 b5 11. Bb2 Bb7 12. Qe2 Re8 13. Rad1 b4 14. Nb1 Nxe4
15. dxe4 Qc8 16. Nd2 Nf6 17. Nc4 Bc6 18. Rd3 Bb5 19. Rfd1 a5 20. e5 Nd7 21. Qg4
Nf8 22. Bf1 Qa6 23. R3d2 Red8 24. Rxd8 Rxd8 25. Rxd8 Bxd8 26. h4 Be7 27. h5 h6
28. Bc1 Kh8 29. Qf4 Kg8 30. Qg4 Kh7 31. Bd3+ Kh8 32. Be3 a4 33. f4 axb3 34. axb3
Qa1+ 35. Bf1 Bc6 36. Qe2 Nd7 37. Qd2 Nc5 38. Bd4 Qb1 39. Be3 Ne4 40. Qc1 Qxc1
41. Bxc1 Nxg3 42. Bd3 Nxh5 43. Kh2 g5 44. Be2 Nxf4 {White resigns} 0-1

[Event "Team 45 45 League T32"]
[Site "Internet Chess Club"]
[Date "2007.02.03"]
[Round "3"]
[White "crankn8tr"]
[Black "pokerram"]
[Result "1-0"]
[WhiteElo "1624"]
[BlackElo "1692"]
[ECO "B90"]
[TimeControl "2700+45"]

1. e4 c5 2. Nf3 d6 3. d4 cxd4 4. Nxd4 Nf6 5. Nc3 a6 6. Be3 e5 7. Nb3 Be6 8. Bg5
Be7 9. Bxf6 Bxf6 10. Nd5 Bxd5 11. Qxd5 Qc7 12. O-O-O Be7 13. Na5 Nc6 14. Nc4 Rd8
15. h4 O-O 16. c3 b5 17. Ne3 Na5 18. Rh3 Nc6 19. Kb1 Bf6 20. Nf5 Ne7 21. Nxe7+
Bxe7 22. Rdd3 Rfe8 23. g4 Qa7 24. Rdf3 Bf8 25. h5 Rc8 26. Qd2 Qb7 27. Qd5 Qd7
28. Rhg3 Rc5 29. Qb3 d5 30. exd5 Rxd5 31. Rd3 Rd8 32. Qxd5 Qxd5 33. Rxd5 Rxd5
34. Rd3 Rxd3 35. Bxd3 g6 36. a4 b4 37. Bxa6 bxc3 38. bxc3 Bc5 39. f3 Kg7 40. Kc2
f5 41. hxg6 hxg6 42. Kd3 Kf6 43. Kc4 Ba7 44. Kd5 Kg5 45. gxf5 Kxf5 46. Bd3+ Kf6
47. a5 g5 48. c4 Bb8 49. c5 Ke7 50. Kc6 Ba7 51. Be4 Kd8 52. Kd6 Bb8+ 53. Kd5 Kc8
54. c6 Bc7 55. a6 Kb8 56. Ke6 Ka7 57. Bd3 Kb6 58. Kd7 Bb8 59. c7 Bxc7 60. a7 Bd6
61. a8=Q {Black resigns} 1-0

[Event "Team 45 45 League T32"]
[Site "Internet Chess Club"]
[Date "2007.02.06"]
[Round "3"]
[White "Rlopez"]
[Black "Thestorm"]
[Result "0-1"]
[WhiteElo "1734"]
[BlackElo "2119"]
[ECO "A05"]
[TimeControl "2700+45"]

1. Nf3 Nf6 2. g3 d5 3. Bg2 c6 4. O-O g6 5. d3 Bg7 6. Nbd2 O-O 7. Re1 Qc7 8. e4
dxe4 9. dxe4 e5 10. Qe2 Nbd7 11. Nf1 Nc5 12. Nh4 Be6 13. Bg5 Rad8 14. Qe3 b6 15.
a4 Rd4 16. Bxf6 Bxf6 17. a5 Rfd8 18. h3 Qe7 19. axb6 axb6 20. Nh2 Bg5 21. f4
exf4 22. Qf3 fxg3 23. Qxg3 Bxh4 24. Qc3 Bxe1 25. Rxe1 Nxe4 26. Bxe4 Qg5+ 27. Bg2
Rc4 28. Qb3 Rd2 29. Qf3 Bd5 30. Re8+ Kg7 {White resigns} 0-1

[Event "Team 45 45 League T32"]
[Site "Internet Chess Club"]
[Date "2007.02.03"]
[Round "3"]
[White "ETwoEFour"]
[Black "AVEMARIA"]
[Result "1/2-1/2"]
[WhiteElo "1898"]
[BlackElo "1785"]
[ECO "B40"]
[TimeControl "2700+45"]

1. e4 c5 2. Nf3 e6 3. Bd3 Nf6 4. c3 d5 5. e5 Nfd7 6. O-O Nc6 7. Re1 g5 8. h3 h5
9. Bb5 g4 10. Bxc6 bxc6 11. Nh2 gxh3 12. gxh3 Qg5+ 13. Kh1 Rg8 14. Rg1 Qxg1+ 15.
Qxg1 Rxg1+ 16. Kxg1 Nxe5 17. d4 cxd4 18. cxd4 Nd3 19. Nc3 Nxc1 20. Rxc1 Bh6 21.
Rc2 Bd7 22. Na4 Ke7 23. Nf3 Rg8+ 24. Kf1 f6 25. Nc5 Bf4 26. Nd3 Bd6 27. a3 e5
28. dxe5 fxe5 29. Nfxe5 Bxh3+ 30. Ke2 c5 31. Nc6+ Kd7 32. Nxc5+ Bxc5 33. Rxc5
Re8+ 34. Kd2 Kd6 35. b4 Rc8 36. Rc3 Bd7 37. Nd4 Rxc3 38. Kxc3 h4 39. Nf3 h3 40.
Kd4 a6 41. Nh2 Bc6 42. Ke3 Ke5 43. Nf3+ Kf5 44. Kd4 Kf4 45. Nh2 Bb7 46. a4 Bc6
47. a5 Bb7 48. Kd3 Bc6 49. Kd4 Bb7 {Game drawn by mutual agreement} 1/2-1/2